 Dungeon Crawl Stone Soup version 0.31.0-11-ge490571c62 (webtiles) character file.

Game seed: 13221151878317405580

67 qw the Shooter (level 4, -1/22 HPs)
             Began as a Spriggan Hunter on Feb 5, 2024.
             Slain by Terence
             ... wielding a +0 short sword
              (3 damage)
             ... on level 3 of the Dungeon.
             The game lasted 00:01:16 (1796 turns).

qw the Shooter (Spriggan Hunter)                    Turns: 1796, Time: 00:01:17

Health: -1/22      AC:  2    Str:  7    XL:     4   Next: 0%
Magic:  5/5        EV: 19    Int: 10    God:
Gold:   115        SH:  0    Dex: 20    Spells: 3/3 levels left

rFire   . . .        a - +0 shortbow
rCold   . . .        (shield currently unavailable)
rNeg    . . .        c - +0 robe
rPois   .            (helmet restricted)
rElec   .            (no cloak)
rCorr   .            (gloves unavailable)
SInv    +            (boots unavailable)
Will    .....        (no amulet)
Stlth   ++           (no ring)
HPRegen 0.23/turn    (no ring)
MPRegen 0.09/turn

%: no passive effects
@: very quick
A: very small, no large weapons, unfitting armour, see invisible, speed 3
a: no special abilities


You were on level 3 of the Dungeon.
You visited 1 branch of the dungeon, and saw 3 of its levels.

You collected 115 gold pieces.


Innate Abilities, Weirdness & Mutations

You are very small and have problems with some larger weapons.
You are too small for most types of armour.
You have supernaturally acute eyesight. (SInv)
You cover ground extremely quickly. (Speed+++)


   Skills:
 - Level 1.5 Fighting
 - Level 5.0 Ranged Weapons
 + Level 4.1 Dodging
 - Level 1.5 Stealth


You had 3 spell levels left.
You didn't know any spells.
Your spell library was empty.

Inventory:

Hand Weapons
 a - a +0 shortbow (weapon)
Armour
 c - a +0 robe (worn)
Scrolls
 b - a scroll of revelation {unknown}
Potions
 d - a potion of enlightenment
 h - a potion of cancellation

Dungeon Overview and Level Annotations

Branches:
Dungeon (3/15)

Altars:

Annotations:
D:3 Terence


Message History

Terence hits you with a +0 short sword.
You shoot an arrow. The arrow barely misses Terence.
Terence misses you.
You shoot an arrow.
The arrow hits Terence but does no damage.
Terence is moderately wounded.
Terence closely misses you.
You shoot an arrow.
The arrow hits Terence but does no damage.
Terence is moderately wounded.
Terence closely misses you.
You shoot an arrow. The arrow barely misses Terence.
Terence misses you.
You shoot an arrow. The arrow barely misses Terence.
Terence closely misses you. Terence hits you with a +0 short sword!
You shoot an arrow. The arrow hits Terence.
Terence is moderately wounded.
Terence hits you with a +0 short sword!
You shoot an arrow.
The arrow hits Terence but does no damage.
Terence is moderately wounded.
Terence misses you.
You shoot an arrow.
The arrow hits Terence but does no damage.
Terence is moderately wounded.
Terence hits you but does no damage.
You shoot an arrow. The arrow barely misses Terence.
Terence closely misses you.
You shoot an arrow.
The arrow hits Terence but does no damage.
Terence is moderately wounded.
Terence hits you with a +0 short sword.
You shoot an arrow. The arrow hits Terence.
Terence is heavily wounded.
Terence closely misses you. Terence misses you.
You shoot an arrow. The arrow barely misses Terence.
Terence says, "Don't bother to defend, it's pointless."
Terence hits you with a +0 short sword.
You die...
Terence says, "That felt goooood."

........##...#<..........
........###..####...####.
........# ##............
........# ##..#####.###
######### ##.# ..#
#.######.## #..........
###........ #@#####.. #@#
... ..... .......
......... ...........
.............


You could see Terence.

Vanquished Creatures
  2 adders
  2 ribbon worms (D:2)
  3 endoplasms
  2 giant cockroaches
  5 goblins
  7 hobgoblins
  A kobold (D:2)
  3 quokkas
  4 ball pythons
  4 bats
  A frilled lizard (D:1)
  7 rats
41 creatures vanquished.

Notes
Turn   | Place    | Note
-------+----------+-------------------------------------------
     0 | D:1      | qw the Spriggan Hunter began the quest for the Orb.
     0 | D:1      | Reached XP level 1. HP: 10/10 MP: 2/2
     0 | D:1      | 0 ||| qw: Version: 0.3-a-160-g6735b56
     0 | D:1      | 0 ||| qw: Game counter: 6386
     0 | D:1      | 0 ||| qw: Melee chars always use a shield: true
     0 | D:1      | 0 ||| qw: God list: Okawaru
     0 | D:1      | 0 ||| qw: Allow faded altars: false
     0 | D:1      | 0 ||| qw: Do Orc after clearing Dungeon:15 true
     0 | D:1      | 0 ||| qw: Do second Lair branch before Depths: true
     0 | D:1      | 0 ||| qw: Lair rune preference: random
     0 | D:1      | 0 ||| qw: Goals: Normal
     0 | D:1      | 0 ||| PLANNING D:1-11
    60 | D:1      | Reached skill level 3 in Dodging
   201 | D:1      | Reached XP level 2. HP: 14/14 MP: 3/3
   847 | D:1      | 847 ||| READING scroll labelled TAOMUG NEMM.
   847 | D:1      | 847 ||| ENCHANTING +0 shortbow.
   848 | D:1      | 848 ||| READING scroll labelled HUSTRO ABRAHU.
   849 | D:1      | 849 ||| READING scroll labelled MAEXERCHOXKE.
   850 | D:1      | 850 ||| DRINKING 2 brown potions.
   851 | D:1      | 851 ||| DROPPING scroll of butterflies.
   923 | D:2      | Reached XP level 3. HP: 18/18 MP: 4/4
  1141 | D:2      | Found a faded altar of an unknown god.
  1557 | D:2      | 1557 ||| READING 4 scrolls labelled JEDUNE YMEOM.
  1557 | D:2      | 1557 ||| IDENTIFYING bubbling black potion
  1558 | D:2      | 1558 ||| READING 3 scrolls of identify.
  1558 | D:2      | 1558 ||| IDENTIFYING bubbling orange potion
  1559 | D:2      | 1559 ||| READING 2 scrolls of identify.
  1559 | D:2      | 1559 ||| IDENTIFYING smoky orange potion
  1560 | D:2      | 1560 ||| READING scroll of identify.
  1560 | D:2      | 1560 ||| IDENTIFYING 2 amethyst potions
  1561 | D:2      | 1561 ||| READING scroll labelled XOIDAR HIMU.
  1562 | D:2      | 1562 ||| READING scroll labelled JOCROSMUGU.
  1663 | D:2      | 1663 ||| DROPPING potion of ambrosia.
  1664 | D:2      | 1664 ||| DROPPING 2 potions of brilliance.
  1665 | D:2      | 1665 ||| DROPPING potion of degeneration.
  1732 | D:3      | Reached skill level 5 in Ranged Weapons
  1736 | D:3      | Reached XP level 4. HP: 19/22 MP: 5/5
  1778 | D:3      | Noticed Terence
  1790 | D:3      | HP: 2/22 [Terence/+0 short sword (7)]
  1796 | D:3      | Slain by Terence

Levels and vault maps discovered:
D:1:      dpeg_arrival_three_bigger_balls, layout_basic
D:2:      layout_loops_corners, ebering_ecumenical_altar_box,
          corexii_item_surrounded_by_moat
D:3:      layout_basic, chequers_serial_rivers_micro_c, grunt_decor_fettered,
          minmay_misc_feat_tiny, minmay_misc_feat_x, minmay_misc_feat_columns,
          kennysheep_generic_room_7, uniq_terence, uniq_robin,
          uniq_crazy_yiuf_cottage

Skill      XL: |  1  2  3 |
---------------+----------+-----
Dodging        | 3 4 |  4.1
Ranged Weapons | 5 |  5.0
Fighting       | |  1.5
Stealth        | |  1.5

Action                     |  1- 3 |  4- 6 || total
---------------------------+-------+-------++-------
   Fire: Shortbow          |   106 |    18 ||   124
    Use: Scroll            |     9 |       ||     9
         Potion            |     1 |       ||     1
 Armour: Robe              |     5 |     7 ||    12
  Dodge: Dodged            |    24 |     9 ||    33

Table legend:
 A = Non-vault XP
 B = Vault XP
 C = Vault XP percentage of total XP
 D = Non-vault monster count
 E = Vault monster count
 F = Vault count percentage of total count
                 A         B        C        D         E       F
            +---------+---------+-------+---------+---------+-------
      Total |      97 |       0 |   0.0 |      41 |       0 |   0.0
            +---------+---------+-------+---------+---------+-------
        D:1 |      33 |       0 |   0.0 |      20 |       0 |   0.0
        D:2 |      47 |       0 |   0.0 |      18 |       0 |   0.0
        D:3 |      17 |       0 |   0.0 |       3 |       0 |   0.0
            +---------+---------+-------+---------+---------+-------
